 Dungeon Crawl Stone Soup version 0.16-a0-44-gd96af6c (webtiles) character file.

55 HiobMontag the Bolt Thrower (level 3, 0/28 HPs)
             Began as a Minotaur Hunter on Aug 5, 2014.
             Succumbed to an adder's poison
             ... on Level 2 of the Dungeon.
             The game lasted 00:07:40 (1090 turns).

HiobMontag the Bolt Thrower (Minotaur Hunter)       Turns: 1090, Time: 00:07:40

HP   0/28        AC  5     Str 17      XL: 3   Next: 67%
MP   2/2         EV 10     Int  8      God:
Gold 108         SH  0     Dex 10      Spells:  0 memorised,  2 levels left

rFire  . . .     SeeInvis .     b - +1 hand crossbow
rCold  . . .     Clarity  .     h - +0 ring mail
rNeg   . . .     rCorr    .     (no shield)
rPois  .         rRot     .     (helmet restricted)
rElec  .         Spirit   .     (no cloak)
SustAb .         Warding  .     (no gloves)
rMut   .         Stasis   .     (no boots)
Gourm  .                        (no amulet)
MR     .....                    (no ring)
                                (no ring)

@: lethally poisoned, not resistant to hostile enchantments, very unstealthy
A: retaliatory headbutt, horns 2
a: no special abilities


You were on level 2 of the Dungeon.
You were not hungry.

You visited 1 branch of the dungeon, and saw 2 of its levels.

You collected 108 gold pieces.

Inventory:

Hand weapons
 a - a +0 short sword
 b - a +1 hand crossbow (weapon)
Missiles
 c - 17 bolts (quivered)
Armour
 d - a +0 leather armour
 h - a +0 ring mail (worn)
Magical devices
 e - a wand of slowing (17) {unknown}
Comestibles
 f - a bread ration
Scrolls
 i - a scroll of identify
 j - 2 scrolls of remove curse
Potions
 g - a potion of mutation
 m - a potion of haste


   Skills:
 + Level 1.2 Fighting
 + Level 5.6 Crossbows
 + Level 0.5 Armour
 + Level 2.6 Dodging
 + Level 0.7 Stealth


You had 2 spell levels left.
You didn't know any spells.

Dungeon Overview and Level Annotations

Branches:
Dungeon (2/15)

Altars:
Kikubaaqudgha
Okawaru


Innate Abilities, Weirdness & Mutations

You reflexively headbutt those who attack you in melee.
You have a pair of horns on your head.


Message History

The adder bites you but does no damage. The adder bites you.
Firing (i - inventory):
c - 18 bolts (quivered)
Press: ? - help, Shift-Dir - straight line, f/p - adder
Aim: an adder You shoot a bolt.
The bolt hits the adder!
The adder is almost dead.
You feel sick. The adder bites you.
* * * LOW HITPOINT WARNING * * *
The adder bites you.
* * * LOW HITPOINT WARNING * * *
You feel sick. The adder completely misses you.
You are too injured to fight recklessly!
There is an open door here.
You feel sick.
You are no longer poisoned.
The adder bites you.
* * * LOW HITPOINT WARNING * * *
You are lethally poisoned!
The adder poisons you!
You die...

.......# ##.)#..# ##....##
....### ########### ##.##
#.........# #.# #.........#
#.# #.........#
##.######.........##########
................@.S........#
##.######.........########(#
##.# #.........# (# ##.#
#.........# .# ##.#
#.........# (# .#.#
########### (# .#.## .#
....# .# ....# .


You could see an adder.

Vanquished Creatures
  2 adders (D:2)
  A giant gecko (D:2)
  6 goblins
  4 hobgoblins
  4 jackals (D:1)
  6 bats
  A giant newt (D:2)
  6 kobolds
  4 rats
34 creatures vanquished.

Notes
Turn   | Place    | Note
--------------------------------------------------------------
     0 | D:1      | HiobMontag, the Minotaur Hunter, began the quest for the Orb.
     0 | D:1      | Reached XP level 1. HP: 16/16 MP: 1/1
     0 | D:1      | Noticed a shadow dragon
     0 | D:1      | Noticed a tentacled monstrosity
     0 | D:1      | Noticed a large abomination
     1 | D:1      | Noticed an orb of fire
     3 | D:1      | Noticed an ice dragon
     5 | D:1      | Noticed a golden dragon
     6 | D:1      | Noticed a tentacled monstrosity
     8 | D:1      | Noticed a large abomination
    10 | D:1      | Noticed a shadow dragon
    10 | D:1      | Noticed a tentacled monstrosity
    12 | D:1      | Noticed a large abomination
    14 | D:1      | Noticed an iron dragon
    14 | D:1      | Noticed an iron dragon
    16 | D:1      | Noticed a black draconian
    19 | D:1      | Noticed a shadow dragon
   118 | D:1      | Found an iron altar of Okawaru.
   270 | D:1      | Reached XP level 2. HP: 17/23 MP: 1/1
   286 | D:1      | Reached skill level 5 in Crossbows
   829 | D:2      | Reached XP level 3. HP: 26/28 MP: 2/2
   862 | D:2      | Found an ancient bone altar of Kikubaaqudgha.
  1089 | D:2      | HP: 1/28 [adder (3)]
  1090 | D:2      | Succumbed to an adder's poison

Action                   || total
-------------------------++-------
 Fire: Hand crossbow     ||   114
  Use: Scroll            ||     3
       Potion            ||     3
  Eat: Chunk             ||     1
